Map: Heavy Artillery LE

Players

Mathist - Winner!

  • Race: Zerg Zerg
  • League: Platinum
  • Spawn Location: 7:00

Djoko - Winner!

  • Race: Protoss Protoss
  • Spawn Location: 7:00

qqq

  • Race: Zerg Zerg
  • Spawn Location: 3:00

Massa

  • Race: Terran Terran
  • League: Platinum
  • Spawn Location: 1:00

VOD

Have the link to the VOD?

Description

Time

  • Played on: Nov. 1, 2020, 5:24 a.m.
  • Length: 14:08
Show
View Real Time Build Order
Export as new Build Order

Mathist Zerg - Winner!

Build Orders: Hatch First 

Get SALT Encoding   

  12  0:01  Drone  
  13  0:09  Drone  
  14  0:19  Extractor  
  14  0:20  Drone, Extractor  
  13  0:22  Drone  
  16  0:29  Overlord  
  16  0:51  Hatchery  
  16  0:54  Drone  
  16  0:58  Drone  
  16  1:01  Drone  
  18  1:05  Extractor  
  17  1:19  Spawning Pool  
  17  1:23  Drone  
  17  1:30  Drone x2  
  19  1:38  Overlord  
  19  1:53  Drone  
  20  2:06  Queen x2  
  24  2:09  Metabolic Boost  
  24  2:11  Drone  
  25  2:18  Zergling x4  
  25  2:21  Zergling x2  
  28  2:28  Drone  
  28  2:29  Drone  
  30  2:32  Drone  
  30  2:36  Spine Crawler  
  31  2:54  Drone x2  
  33  3:00  Overlord  
  33  3:03  Hatchery  
  32  3:10  Drone x3  
  35  3:18  Queen  
  37  3:21  Drone x4  
  37  3:25  Zergling x4  
  43  3:41  Drone  
  44  3:42  Overlord  
  44  3:54  Lair  
  44  3:55  Extractor  
  43  3:57  Drone  
  44  4:11  Drone x8  
  44  4:12  Overlord  
  52  4:21  Extractor  
  52  4:22  Extractor  
  52  4:23  Queen  
  50  4:32  Zergling x2  
  50  4:33  Zergling x18  
  50  4:37  Spine Crawler  
  50  4:38  Spine Crawler  
  58  4:41  Evolution Chamber  
  58  4:43  Evolution Chamber  
  56  4:49  Zergling x8  
  56  4:50  Zergling x2  
  53  5:27  Zergling x2  
  53  5:28  Zergling x18  
  61  5:36  Zerg Ground Armor Level 1  
  56  5:53  Zerg Melee Weapons Level 1  
  56  5:58  Drone x4, Baneling Nest  
  59  6:49  Centrifical Hooks  
  59  6:54  Overlord x12  
  57  7:07  Zergling x2  
  57  7:08  Zergling x12  
  52  7:23  Zergling x4  
  52  7:26  Baneling  
  52  7:27  Baneling x5  
  52  7:29  Queen x2  
  58  7:37  Zergling x12  
  58  7:38  Zergling x2  
  58  7:41  Zerg Ground Armor Level 2  
  65  7:48  Hatchery  
  65  7:49  Zergling x4  
  66  7:53  Zerg Melee Weapons Level 2  
  66  8:00  Zergling x10  
  66  8:01  Infestation Pit  
  70  8:07  Spore Crawler  
  63  8:30  Pneumatized Carapace, Overseer  
  63  8:37  Zergling x22  
  63  8:41  Hatchery  
  66  9:00  Baneling x4, Zergling x6  
  66  9:01  Zergling x6  
  72  9:08  Spore Crawler  
  72  9:09  Spore Crawler  
  70  9:14  Hive  
  70  9:17  Overseer  
  69  9:31  Zergling x2  
  69  9:32  Zergling x20  
  66  9:44  Zergling x2  
  66  9:45  Zergling x2  
  58  10:11  Zergling x16  
  51  10:33  Zergling x16  
  59  10:40  Adrenal Glands  
  59  10:42  Zerg Melee Weapons Level 3  
  57  10:52  Spore Crawler  
  57  10:56  Spore Crawler  
  51  11:00  Spore Crawler  
  51  11:02  Drone x3  
  52  11:04  Spore Crawler  
  49  12:24  Zergling x40  
  49  12:25  Zergling x10  
Show
View Real Time Build Order
Export as new Build Order

Djoko Protoss - Winner!

Build Orders: 1 Gate Expand, Oracle Opening, Carriers 

Get SALT Encoding   

  12  0:01  Probe (Chrono Boost)  
  13  0:10  Probe (Chrono Boost)  
  14  0:15  Probe (Chrono Boost)  
  15  0:25  Pylon  
  15  0:43  Probe  
  15  0:44  Gateway  
  16  0:55  Probe, Assimilator  
  17  1:07  Probe  
  18  1:15  Nexus  
  18  1:19  Probe  
  19  1:31  Cybernetics Core  
  19  1:35  Probe  
  19  1:37  Assimilator  
  20  1:47  Probe  
  20  1:48  Pylon  
  21  1:59  Probe (Chrono Boost)  
  22  2:05  Stalker (Chrono Boost)  
  25  2:08  Warp Gate  
  25  2:09  Probe (Chrono Boost)  
  25  2:14  Probe (Chrono Boost)  
  26  2:25  Probe  
  26  2:28  Probe  
  28  2:37  Probe (Chrono Boost)  
  29  2:49  Assimilator  
  29  2:50  Probe x2 (Chrono Boost)  
  31  2:54  Stargate  
  31  2:58  Probe (Chrono Boost)  
  32  3:00  Stargate  
  32  3:06  Gateway x2  
  32  3:11  Probe (Chrono Boost)  
  34  3:13  Probe (Chrono Boost)  
  34  3:19  Assimilator  
  34  3:23  Probe (Chrono Boost)  
  36  3:28  Probe (Chrono Boost)  
  36  3:33  Twilight Council  
  36  3:39  Probe x2  
  38  3:50  Oracle  
  38  3:51  Probe x2  
  38  3:53  Oracle  
  46  3:57  Pylon  
  46  4:11  Pylon  
  46  4:12  Charge  
  46  4:13  Pylon  
  46  4:15  Probe  
  46  4:16  Probe  
  48  4:31  Gateway  
  48  4:32  Gateway  
  48  4:36  Zealot x2, Protoss Air Weapons Level 1  
  48  4:38  Zealot  
  54  5:22  Zealot x3  
  60  5:35  Fleet Beacon  
  60  5:41  Nexus  
  60  5:44  Pylon  
  60  5:46  Pylon  
  60  5:53  Adept x4  
  60  5:54  Adept  
  60  5:55  Resonating Glaives  
  70  6:10  Probe x2  
  72  6:15  Stalker x2  
  72  6:16  Stalker  
  75  6:41  Carrier  
  75  6:43  Probe x2  
  83  6:47  Forge  
  83  6:53  Carrier  
  89  6:56  Probe (Chrono Boost)  
  90  7:02  Probe (Chrono Boost), Assimilator  
  90  7:03  Probe (Chrono Boost)  
  90  7:04  Protoss Air Weapons Level 2 (Chrono Boost)  
  90  7:07  Assimilator  
  93  7:09  Probe (Chrono Boost)  
  93  7:14  Probe (Chrono Boost)  
  92  7:22  Probe  
  92  7:23  Probe  
  94  7:31  Photon Cannon  
  94  7:33  Probe  
  94  7:34  Probe  
  94  7:35  Photon Cannon  
  96  7:54  Pylon  
  96  7:55  Pylon  
  96  8:00  Pylon  
  96  8:02  Pylon  
  96  8:10  Probe  
  96  8:11  Probe x2  
  96  8:12  Carrier  
  105  8:13  Templar Archives  
  105  8:17  Gateway  
  105  8:18  Gateway  
  105  8:20  Gateway  
  105  8:30  Protoss Ground Weapons Level 1 (Chrono Boost)  
  105  8:35  Carrier  
  111  8:46  Probe x3  
  114  9:06  High Templar x5  
  124  9:11  High Templar  
  124  9:12  High Templar  
  124  9:14  High Templar  
  130  9:34  Archon x4  
  130  9:52  Zealot  
  132  9:58  Pylon  
  132  10:00  Pylon  
  132  10:01  Pylon  
  132  10:02  Pylon, Protoss Air Weapons Level 3 (Chrono Boost)  
  132  10:04  Pylon  
  132  10:06  Pylon  
  105  11:22  Carrier x2 (Chrono Boost)  
  99  11:57  High Templar x6  
  99  11:58  High Templar x2  
  111  12:10  Gateway  
  111  12:11  Gateway  
  111  12:12  Gateway  
  111  12:14  Gateway  
  109  12:19  Carrier (Chrono Boost)  
  115  12:36  Zealot x3  
  115  12:37  Zealot x5  
  119  12:54  Archon  
  119  12:55  Archon x3  
  119  13:00  High Templar x4  
  119  13:01  High Templar x4  
  135  13:08  Archon x3  
  135  13:10  Archon  
  135  13:12  Zealot x2  
  137  13:13  Zealot x2  
  155  13:46  Zealot x5  
  155  13:47  Nexus, Zealot x6  
  155  13:48  Pylon, Zealot  
  179  13:49  Assimilator  
  179  13:51  Pylon  
  179  13:54  Assimilator  
  179  13:58  Pylon  
Show
View Real Time Build Order
Export as new Build Order

qqq Zerg 

Build Orders: Hatch First 

Get SALT Encoding   

  12  0:04  Drone  
  13  0:14  Drone  
  14  0:39  Hatchery  
  13  0:44  Drone  
  14  0:57  Spawning Pool  
  13  1:05  Overlord  
  13  1:19  Drone  
  14  1:27  Drone x2, Extractor  
  15  1:38  Drone  
  16  1:44  Zergling x2  
  17  1:58  Zergling x2  
  17  2:00  Zergling x2  
  19  2:01  Queen  
  19  2:04  Queen  
  24  2:08  Zergling x2  
  24  2:12  Zergling x2  
  25  2:17  Zergling x2  
  26  2:30  Metabolic Boost  
  26  2:33  Overlord  
  26  2:38  Drone  
  27  2:49  Drone  
  27  2:51  Overlord  
  28  2:57  Drone  
  29  3:13  Drone x3  
  29  3:14  Drone x2  
  34  3:23  Baneling Nest  
  33  3:30  Drone  
  33  3:31  Drone  
  35  3:35  Drone  
  36  3:44  Zergling x6  
  36  3:46  Zergling x4  
  41  3:50  Zergling x2  
  41  3:55  Overlord  
  42  4:11  Overlord  
  42  4:12  Overlord x3  
  41  4:33  Zergling x10  
  41  4:34  Drone x2  
  41  4:35  Zergling x4  
  41  4:37  Zergling x2  
  51  4:43  Baneling x3  
  51  4:50  Zergling x2  
  51  4:51  Zergling x6  
  44  5:13  Spore Crawler  
  34  5:16  Drone  
  34  5:17  Drone x4  
  34  5:18  Drone x2  
  34  5:19  Drone  
  40  5:30  Baneling x3  
  40  5:31  Baneling  
  38  5:55  Drone x3  
  38  5:56  Spore Crawler  
  40  6:05  Lair  
  40  6:07  Drone  
  41  6:12  Queen  
  43  6:23  Drone  
  43  6:25  Drone x3  
  46  6:40  Drone x2  
  46  6:41  Drone  
  46  6:46  Baneling x5  
  49  6:56  Hatchery  
  49  7:00  Drone  
  49  7:01  Drone  
  49  7:16  Drone  
  49  7:18  Drone  
  49  7:19  Drone  
  49  7:20  Hatchery  
  49  7:22  Drone  
  52  7:29  Drone x3  
  55  7:31  Drone  
  55  7:34  Extractor  
  55  7:37  Extractor, Drone  
  55  7:56  Drone x6  
  61  8:02  Extractor  
  61  8:04  Drone  
  61  8:08  Drone x3  
  61  8:09  Overlord  
  61  8:10  Drone  
  65  8:34  Drone x3  
  67  8:37  Spire  
  67  8:45  Drone x6  
  67  8:46  Drone x7  
  67  8:47  Drone  
  76  9:15  Extractor  
  76  9:16  Extractor  
  74  9:23  Baneling x4  
  74  9:24  Baneling  
  74  9:26  Drone x3  
  74  9:27  Drone x3, Overlord x2  
  74  9:28  Spore Crawler, Overlord x6  
  79  9:36  Spore Crawler  
  78  9:39  Zergling x2  
  78  9:40  Drone, Zergling x2  
  78  9:41  Drone  
  82  10:12  Mutalisk x3, Corruptor  
  82  10:13  Mutalisk x3, Corruptor x2  
  100  10:15  Corruptor  
  100  10:16  Mutalisk  
  100  10:18  Zergling x8  
  95  10:31  Corruptor  
  95  10:33  Zergling x4  
  95  10:34  Drone x2  
  98  10:41  Extractor, Queen  
  98  10:42  Extractor  
  98  10:46  Hatchery  
  97  10:56  Corruptor x3  
  101  10:57  Hatchery  
  93  11:05  Corruptor  
  93  11:07  Zergling x4  
  93  11:08  Drone x2, Zergling x4  
  93  11:09  Zergling x4  
  78  11:26  Corruptor x2  
  78  11:29  Drone x2  
  68  11:45  Corruptor x2  
  68  11:46  Zergling x4  
  68  11:47  Zergling x8  
  64  11:48  Drone, Zergling x6  
  45  12:01  Mutalisk  
  45  12:05  Zergling x8  
  45  12:06  Zergling x2  
  36  12:21  Drone x2  
  36  12:22  Drone x4  
  42  12:27  Zergling x6  
  42  12:28  Zergling x4  
  47  12:40  Drone  
  48  12:53  Drone x2  
  50  13:05  Baneling  
  47  13:07  Baneling  
  47  13:11  Drone  
  46  13:20  Baneling x3  
Show
View Real Time Build Order
Export as new Build Order

Massa Terran 

Build Orders: Reaper Expand 

Get SALT Encoding   

  12  0:00  SCV  
  13  0:12  SCV  
  14  0:23  Supply Depot  
  14  0:24  SCV  
  15  0:44  Refinery  
  15  0:45  SCV  
  15  0:46  Barracks  
  16  0:57  SCV  
  17  1:27  SCV  
  18  1:35  Reaper  
  19  1:40  Orbital Command  
  19  1:43  Command Center  
  19  2:07  SCV  
  20  2:12  Marine  
  20  2:15  Supply Depot  
  21  2:18  Factory  
  21  2:25  SCV  
  22  2:37  SCV  
  23  2:46  Supply Depot  
  23  2:47  Barracks Reactor  
  23  2:51  SCV  
  24  3:03  SCV  
  24  3:05  Hellion  
  27  3:11  Bunker  
  27  3:18  Orbital Command  
  27  3:21  SCV  
  27  3:22  Barracks  
  30  3:30  Factory Reactor  
  30  3:31  Marine x2  
  30  3:33  SCV  
  31  3:37  Engineering Bay  
  31  3:40  Starport  
  31  3:48  SCV x2  
  33  3:49  Marine x2  
  35  4:00  SCV  
  36  4:06  Marine  
  36  4:07  Marine  
  36  4:08  Hellion x2  
  41  4:12  Barracks Reactor  
  41  4:14  Barracks Tech Lab  
  41  4:16  SCV x2  
  43  4:28  SCV x2  
  43  4:30  Hellion x2  
  49  4:32  Medivac  
  49  4:37  Missile Turret  
  51  4:44  Refinery  
  51  4:45  SCV x2  
  53  4:46  Refinery  
  53  4:49  Stimpack  
  53  4:57  SCV  
  53  4:59  Missile Turret  
  54  5:01  Supply Depot  
  54  5:18  Missile Turret  
  54  5:19  Missile Turret  
  54  5:20  Missile Turret  
  54  5:23  SCV x2, Hellion x2  
  58  5:35  SCV  
  57  6:03  Hellion x2, Marine  
  62  6:12  Supply Depot  
  62  6:13  Supply Depot x2  
  62  6:18  Terran Infantry Armor Level 1  
  62  6:25  Armory  
  62  6:33  Marine x2  
  62  6:34  Hellion x2, Marauder, Liberator  
  62  6:37  Supply Depot x2  
  62  6:39  Supply Depot  
  73  6:55  Marauder  
  73  6:56  Widow Mine x2  
  73  6:57  Marine  
  73  6:58  Marine  
  81  7:15  Marine x2  
  81  7:17  Marauder  
  81  7:18  Widow Mine x2  
  89  7:26  Medivac  
  91  7:33  Marine x2  
  93  7:38  Marauder  
  93  7:39  Widow Mine x2  
  93  7:40  Barracks  
  93  7:41  Barracks  
  99  7:44  Barracks  
  99  7:45  Command Center  
  99  7:46  Terran Vehicle Weapons Level 1  
  99  7:48  SCV x2  
  99  7:50  Refinery  
  99  7:51  Marine  
  101  7:56  Medivac  
  104  8:00  SCV x2  
  104  8:01  Widow Mine  
  104  8:02  Widow Mine  
  110  8:12  Terran Infantry Weapons Level 1  
  100  8:23  Widow Mine x2  
  101  8:27  Starport Reactor  
  101  8:29  Barracks Reactor x2  
  101  8:33  Barracks Tech Lab  
  101  8:35  Marauder, Marine x2  
  107  8:52  Marine  
  107  8:53  Marine  
  109  8:56  Marine  
  108  9:10  Marine x2  
  108  9:14  Marine  
  108  9:16  Factory Tech Lab  
  111  9:24  Barracks  
  111  9:31  Factory  
  108  9:32  Factory  
  106  9:51  Combat Shield  
  106  9:52  Concussive Shells  
  104  9:54  Planetary Fortress  
  104  9:57  SCV  
  104  9:58  SCV  
  106  10:03  Viking x2  
  110  10:07  Marine  
  110  10:08  Marine x7  
  110  10:09  SCV  
  110  10:10  SCV  
  118  10:19  Factory Tech Lab  
  118  10:20  Factory Tech Lab  
  116  10:21  SCV  
  116  10:22  SCV  
  116  10:25  Marine x7  
  116  10:26  Marine  
  106  10:30  Missile Turret  
  106  10:32  Missile Turret  
  106  10:33  Viking x2  
  106  10:34  SCV x2  
  97  10:43  Marine  
  97  10:46  SCV x2  
  77  10:51  Thor  
  77  10:54  Marine x7, Missile Turret  
  77  10:55  Marine  
  88  11:03  Viking  
  84  11:08  Viking  
  83  11:12  Marine x6  
  83  11:13  Marine  
  83  11:14  SCV  
  69  11:26  SCV  
  69  11:30  Marine x4  
  69  11:31  Marauder x2, Marine  
  70  11:33  Viking  
  70  11:38  SCV, Viking  
  54  11:48  Marine x3  
  54  11:49  Marine  
  54  11:50  SCV  
  54  11:52  Marauder x2  
  59  11:58  Factory  
  55  12:01  Refinery  
  55  12:02  Refinery, SCV, Marine  
  55  12:05  Marine  
  55  12:06  Marine  
  55  12:07  Marine  
  58  12:13  Marine  
  58  12:14  SCV  
  57  12:20  Marine  
  55  12:23  Factory Tech Lab  
  55  12:25  Marine  
  55  12:26  SCV, Marauder  
  47  12:38  SCV, Marine  
  47  12:43  SCV  
  51  12:44  SCV  
  51  12:50  SCV  
  51  12:51  Factory Tech Lab  
  52  12:55  SCV  
  52  12:56  SCV  
  54  12:59  Medivac  
  54  13:03  SCV  
  57  13:07  SCV  
  57  13:08  SCV  
  59  13:15  SCV  
  59  13:19  SCV  
  61  13:20  SCV  
  61  13:24  Marine x4  
  61  13:25  Marine  
  67  13:42  Marine x4  
  67  13:43  Marine  
Tags
 
Add a new tag
Caveats
  • Supply blocks, unpowered buildings, or Contaminate may cause inaccurate times.
  • Supply counts are checked every 10 seconds.